 Dungeon Crawl Stone Soup version 0.22.1-2-g9c5b331 (webtiles) character file.

55 Korkiloff the Skirmisher (level 3, 0/29 HPs)
             Began as a Demonspawn Abyssal Knight on Jan 5, 2019.
             Was a Follower of Lugonu.
             Succumbed to a worker ant's poison
             ... on level 3 of the Dungeon.
             The game lasted 00:05:45 (1104 turns).

Korkiloff the Skirmisher (DsAK)                     Turns: 1104, Time: 00:05:46

Health: 0/29       AC:  5    Str: 11 (13) XL:     3   Next: 67%
Magic:  2/4        EV: 11    Int: 12 (13) God:    Lugonu [*.....]
Gold:   120        SH:  0    Dex: 11 (12) Spells: 2/2 levels left

rFire    . . .     SeeInvis .   a - +1 falchion
rCold    . . .     Gourm    .   (no shield)
rNeg     . . .     Faith    .   b - +0 leather armour
rPois    .         Spirit   +   (no helmet)
rElec    .         Reflect  .   (no cloak)
rCorr    .         Harm     .   e - +1 pair of gloves
MR       +....                  (no boots)
Stlth    +.........             (no amulet)
HPRegen  0.09/turn              k - ring of protection from magic
MPRegen  0.18/turn              (no ring)

@: lethally poisoned (0 -> -19)
A: magic shield, magic regeneration
a: Depart the Abyss, Renounce Religion


You were on level 3 of the Dungeon.
You worshipped Lugonu.
Lugonu was aware of your devotion.
You were not hungry.

You visited 1 branch of the dungeon, and saw 3 of its levels.
You visited the Abyss 1 time.

You collected 120 gold pieces.

Inventory:

Hand Weapons
 a - a +1 falchion (weapon)
Missiles
 j - 43 arrows
Armour
 b - a +0 leather armour (worn)
 e - a +1 pair of gloves (worn)
Jewellery
 k - a ring of protection from magic (left hand)
Scrolls
 f - a scroll of teleportation {unknown}
 h - a scroll of identify {unknown}
Comestibles
 c - 4 rations
 g - 5 chunks of flesh


   Skills:
 + Level 3.4 Fighting
 + Level 2.7 Long Blades
 + Level 2.1 Armour
 + Level 1.4 Dodging
 + Level 0.2 Stealth
 + Level 2.5 Invocations


You had 2 spell levels left.
You didn't know any spells.
Your spell library was empty.

Dungeon Overview and Level Annotations

Branches:
Dungeon (3/15)

Altars:


Innate Abilities, Weirdness & Mutations

When hurt, damage is shared between your health and your magic reserves.
You regenerate magic rapidly.


Message History

You feel sick. The worker ant misses you.
You riposte.
You hit the worker ant but do no damage.
The worker ant is heavily wounded.
Okay, then.
* * * LOW HITPOINT WARNING * * *
You feel sick.
The orc wizard mumbles some strange words.
The orc wizard seems to speed up.
The worker ant bites you but does no damage.
* * * LOW HITPOINT WARNING * * *
You feel sick.
Found a glowing trident.
* * * LOW HITPOINT WARNING * * *
You feel sick.
A giant cockroach comes into view.
* * * LOW HITPOINT WARNING * * *
You feel sick.
Some of the chunks of flesh in your inventory have rotted away. 2 orcs and an orc wizard come into view.
You die...

## oo .# .# o#
.# ###.##.#.#
#.@.s....#
#######.########
#o.oo.a.#
##.#####.####..#
#......<.# #..#
#..#.....o.##).#
#.##..#.##..# ..
#..#.....# #.#
#.". ...##


You could see a worker ant, an orc wizard (sleeping), 2 orcs and a giant
cockroach.

Vanquished Creatures
  A gnoll (D:1)
  An ooze (D:2)
  A worm (D:2)
  3 leopard geckos
  4 bats (D:1)
  2 giant cockroaches (D:2)
  6 goblins
  2 hobgoblins
  2 jackals (D:2)
  2 frilled lizards
  6 kobolds
  4 rats
34 creatures vanquished.

Notes
Turn   | Place    | Note
-------+----------+-------------------------------------------
     0 | Abyss:1  | Korkiloff the Demonspawn Abyssal Knight began the quest for
                  | the Orb.
     0 | Abyss:1  | Reached XP level 1. HP: 18/18 MP: 2/2
    27 | Abyss:1  | Noticed a ynoxinul
    46 | Abyss:1  | Noticed an ettin zombie
    47 | D:1      | Escaped the Abyss
   123 | D:1      | Reached skill level 1 in Dodging
   162 | D:1      | Reached * piety under Lugonu
   162 | D:1      | Gained mutation: When hurt, damage is shared between your
                  | health and your magic reserves. [demonic ancestry]
   162 | D:1      | Reached XP level 2. HP: 18/24 MP: 3/3
   834 | D:2      | Gained mutation: You regenerate magic rapidly. [demonic
                  | ancestry]
   834 | D:2      | Reached XP level 3. HP: 29/29 MP: 4/4
  1103 | D:3      | HP: 1/29 [poisoned by a worker ant]
  1104 | D:3      | Succumbed to a worker ant's poison

Skill      XL: |  1 |
---------------+----+-----
Armour         | 2 |  2.1
Dodging        | 1 |  1.4
Long Blades    | 2 |  2.7
Fighting       | |  3.4
Stealth        | |  0.2
Invocations    | |  2.5

Action                   || total
-------------------------++-------
Melee: Falchion          ||   127
Invok: Depart the Abyss  ||     1
  Use: Potion            ||     2
  Eat: Chunk             ||     1
Armor: Leather armour    ||    45
Dodge: Dodged            ||    93
       Rpst.: Falchion   ||    20
